 Dungeon Crawl Stone Soup version 0.31-a0-986-g5e6e4ef867 (webtiles) character file.

Game seed: 14778393758300505878

52 Hubris850 the Digger (level 3, -2/28 HPs)
             Began as a Gargoyle Earth Elementalist on Nov 3, 2023.
             Was a Believer of Nemelex Xobeh.
             Slain by Crazy Yiuf
             ... wielding a +3 quarterstaff of chaos
              (4 damage)
             ... on level 2 of the Dungeon.
             The game lasted 00:03:40 (1793 turns).

Hubris850 the Digger (Gargoyle Earth Elementalist)  Turns: 1793, Time: 00:03:44

Health: -2/28      AC:  5    Str: 11    XL:     3   Next: 85%
Magic:  4/6        EV: 12    Int: 17    God:    Nemelex Xobeh [**....]
Gold:   149        SH:  0    Dex: 10    Spells: 5/6 levels left

rFire   . . .        j - +3 dagger (venom)
rCold   . . .        (no shield)
rNeg    + . .        a - +0 robe
rPois   ∞            (no helmet)
rElec   +            d - scarf {harm}
rCorr   .            (no gloves)
SInv    .            (no boots)
Will    .....        (no amulet) Stlth
                     (no ring)
HPRegen 0.24/turn    (no ring)
MPRegen 0.10/turn

%: harm (+30% outgoing, +20% incoming)
@: berserking, very quick
A: sickness immunity, AC +3, negative energy resistance 1, electricity
resistance, torment resistance 1, petrification resistance
a: Renounce Religion, Draw Escape, Draw Destruction, Draw Summoning


You were on level 2 of the Dungeon.
You worshipped Nemelex Xobeh.
Nemelex Xobeh was pleased with you.
You visited 1 branch of the dungeon, and saw 2 of its levels.

You collected 149 gold pieces.

Inventory:

Hand Weapons
 j - a +3 dagger of venom (weapon)
 k - a +2 short sword of draining
Armour
 a - a +0 robe (worn)
 d - a scarf of harm (worn)
Scrolls
 c - 2 scrolls of teleportation
 g - a scroll of identify {unknown}
 i - a scroll of vulnerability {unknown}
Potions
 b - a potion of magic
 e - 2 potions of enlightenment {unknown}
 f - a potion of attraction {unknown}
 h - a potion of curing {unknown}


   Skills:
 + Level 2.0 Dodging
 + Level 2.9 Stealth
 + Level 2.4 Spellcasting
 - Level 1.0 Transmutations
 + Level 4.1 Earth Magic
 + Level 0.6 Invocations


You had 5 spell levels left.
You knew the following spells:

 Your Spells              Type           Power      Damage    Failure   Level
a - Sandblast             Erth           32%        2d9       3%          1

Your spell library contained the following spells:

 Spells                   Type           Power      Damage    Failure   Level
 Passwall                 Tmut/Erth      8%         N/A       10%         2
 Slow                     Hex            8%         N/A       19%         1
 Stone Arrow              Conj/Erth      18%        3d8       24%         3
 Ensorcelled Hibernation  Hex/Ice        4%         N/A       28%         2
 Dazzling Flash           Conj/Hex       4%         N/A       50%         3
 Swiftness                Air            2%         N/A       50%         3
 Petrify                  Tmut/Erth      10%        N/A       54%         4
 Brom's Barrelling Bould  Conj/Erth      9%         2d3       61%         4
 Leda's Liquefaction      Hex/Erth       4%         N/A       61%         4
 Cause Fear               Hex            1%         N/A       88%         4
 Agony                    Necr           2%         N/A       99%         5
 Silence                  Hex/Air        1%         N/A       99%         5


Dungeon Overview and Level Annotations

Branches:
Dungeon (2/15)

Altars:
Nemelex Xobeh

Annotations:
D:2 Crazy Yiuf


Innate Abilities, Weirdness & Mutations

You are immune to sickness and miasma.
Your stone body is resilient. (AC +3)
You are immune to poison.
You resist negative energy. (rN+)
You are resistant to electric shocks. (rElec)
You are resistant to unholy torment.
You are immune to petrification.


Message History

Okay, then.
As you read the scroll labelled YLEGUN GEKLIZO, it crumbles to dust.
You feel strangely unstable.
It was a scroll of teleportation.
As you read the scroll labelled HISI ZIREBB, it crumbles to dust.
It is a scroll of enchant weapon.
Your +2 dagger of venom glows red for a moment.
You open the door. You closely miss Crazy Yiuf.
Your surroundings suddenly seem different.
Sorry, I don't know how to get there.
You open the door.
Found a fizzy puce potion.
There is an open door here.
f - a fizzy puce potion You open the door.
There is an open door here.
You draw a card...
You have drawn the Storm.
A fierce wind blows from the card.
You hear a mighty peal of thunder!
The deck of cards disappears without a trace.
Casting: Sandblast (safe; 3% risk of failure)
Confirm with . or Enter, or press ? or * to list all spells.
Okay, then.
The blast of sand hits Crazy Yiuf.
Crazy Yiuf is moderately wounded.
The blast of sand hits Crazy Yiuf.
Crazy Yiuf is heavily wounded.
Crazy Yiuf laughs, "Leather fast koolooloo!"
You hit Crazy Yiuf.
Crazy Yiuf is poisoned.
Crazy Yiuf is severely wounded.
Crazy Yiuf hits you with a +3 quarterstaff of chaos!
A red film seems to cover your vision as you go berserk!
You feel yourself moving faster!
You feel mighty!
You completely miss Crazy Yiuf.
Crazy Yiuf is almost dead.
Crazy Yiuf hits you with a +3 quarterstaff of chaos!
Ouch! That really hurt!
* * * LOW HITPOINT WARNING * * *
Crazy Yiuf burns you.
You die...
Your body disappears without a glow.

####### #####.###
#.......######## #####
#.###.#........# ##...## #.#
#.#.######.#
#.....###.###.#.######.####
##.............#.##........#
#........#.###.#.##.###.##.#
#.#...##.#.##....##.# #.##.#
#..###.#.#....@..##.###.##.#
#### ########.g.........##.#
##.......#####.#
♣♣♣♣♣####.###...# #.### ###
♣♣♣.♣.P..##.# ##### #...#
#...#♣..♣......#'## ###.#
#...g.♣♣♣♣........## #.#
#)..#♣♣ ♣♣........## ### #.#
### ♣♣##......## ##.###.#


You could see Crazy Yiuf (very poisoned).

Vanquished Creatures
  An adder (D:2)
  2 worms (D:2)
  A dart slug (D:1)
  5 ball pythons
  2 bats
  3 endoplasms
  2 giant cockroaches
  A goblin (D:2)
  A hobgoblin (D:2)
  4 jackals (D:1)
  2 kobolds
  2 quokkas
  3 frilled lizards (D:1)
  4 rats
33 creatures vanquished.

Notes
Turn   | Place    | Note
-------+----------+-------------------------------------------
     0 | D:1      | Hubris850 the Gargoyle Earth Elementalist began the quest
                  | for the Orb.
     0 | D:1      | Reached XP level 1. HP: 10/10 MP: 3/3
     6 | D:1      | Noticed a servant of whispers
     6 | D:1      | Noticed a basilisk
     7 | D:1      | Noticed a frost giant
   136 | D:1      | Reached skill level 1 in Transmutations
   136 | D:1      | Reached XP level 2. HP: 15/15 MP: 3/5
   193 | D:1      | Got the Papyrus of the Many Emperors
   691 | D:1      | Found a faded altar of an unknown god.
   697 | D:1      | Prayed at the altar of an unknown god.
   697 | D:1      | Became a worshipper of Nemelex Xobeh the Trickster
   697 | D:1      | Reached * piety under Nemelex Xobeh
   778 | D:2      | Received a gift from Nemelex Xobeh
   820 | D:2      | Reached skill level 4 in Earth Magic
   820 | D:2      | Reached XP level 3. HP: 19/19 MP: 3/6
  1411 | D:2      | Reached ** piety under Nemelex Xobeh
  1745 | D:2      | Found a runed translucent door.
  1746 | D:2      | Noticed Crazy Yiuf
  1793 | D:2      | Slain by Crazy Yiuf

Illustrated notes

Levels and vault maps discovered:
D:1:      onia_arrival_zoo_common, layout_rooms,
          shapermc_ecumenical_altar_hornbeckon
D:2:      layout_loops_corners, roderic_serpentine_path, nrook_campfire,
          uniq_crazy_yiuf_cottage

Skill      XL: |  1  2  3 |
---------------+----------+-----
Transmutations | 1 |  1.0
Earth Magic    | 4 |  4.1
Dodging        | 2 |  2.0
Stealth        | |  2.9
Spellcasting   | |  2.4
Invocations    | |  0.6

Action                     || total
---------------------------++-------
  Melee: Dagger            ||     3
   Cast: Sandblast         ||    52
 Invoke: Draw Destruction  ||     2
    Use: Scroll            ||     2
 Armour: Robe              ||    10
  Dodge: Dodged            ||    12

Table legend: (Time is in decaauts)
 A = Elapsed time spent in this place.
 B = Non-inter-level travel time spent in this place.
 C = Inter-level travel time spent in this place.
 D = Time resting spent in this place.
 E = Time spent auto-exploring this place.
 F = Levels seen in this place.
 G = Mean time per level.
                   A        B        C        D        E       F      G
               +--------+--------+--------+--------+--------+-----+--------+
         Total |   1824 |   1771 |     53 |     19 |   1518 |   2 |  912.0 |
       Dungeon |   1824 |   1771 |     53 |     19 |   1518 |   2 |  912.0 |
               +--------+--------+--------+--------+--------+-----+--------+

Top non-repeatable levels by time:
     D:2: 1075 daAuts
     D:1: 749 daAuts
